 Dungeon Crawl Stone Soup version 0.23.0-3-gf3c87f2 (webtiles) character file.

Game seed: 12222967765578925632

42002 bmj180 the Severer (level 13, 0/113 HPs)
             Began as a Minotaur Fighter on Feb 24, 2019.
             Was a Follower of Uskayaw.
             Shot with an arrow by Nessos (1 damage)
             ... on level 5 of the Lair of Beasts.
             The game lasted 01:21:36 (19635 turns).

bmj180 the Severer (Minotaur Fighter)              Turns: 19635, Time: 01:21:37

Health: 0/113      AC: 19    Str: 33    XL:     13   Next: 83%
Magic:  18/18      EV: 29    Int:  5    God:    Uskayaw [*.....]
Gold:   1115       SH:  8    Dex: 12    Spells: 12/12 levels left

rFire    + + +     SeeInvis .   b - +6 hunting sling "Imp's Nightmare" {flame, *Corrode rF++ Str+10 Dex-3}
rCold    . . .     Gourm    .   i - +2 buckler
rNeg     . . .     Faith    .   D - +3 chain mail {rF+}
rPois    .         Spirit   .   (helmet restricted)
rElec    .         Reflect  .   f - +0 cloak {+Inv}
rCorr    .         Harm     .   w - +1 pair of gloves
MR       .....                  s - +0 pair of boots
Stlth    ..........             q - amulet of the acrobat
HPRegen  0.28/turn              n - +4 ring of slaying
MPRegen  0.16/turn              N - +2 ring of dexterity

@: lethally poisoned (0 -> -17), acrobat, very slightly contaminated
A: retaliatory headbutt, horns 2
a: Stomp, Renounce Religion, Evoke Invisibility


You were on level 5 of the Lair of Beasts.
You worshipped Uskayaw.
Uskayaw was aware of your devotion.
You were not hungry.

You visited 3 branches of the dungeon, and saw 17 of its levels.
You also visited: Ice Cave and Volcano.

You collected 1170 gold pieces.
You spent 55 gold pieces at shops.

Inventory:

Hand Weapons
 a - a +2 broad axe of flaming
 b - the +6 hunting sling "Imp's Nightmare" (weapon) {flame, *Corrode rF++ Str+10 Dex-3}
   (You found it on level 5 of the Dungeon)

   It causes projectiles fired from it to burn those they strike, causing extra
   injury to most foes and up to half again as much damage against particularly
   susceptible opponents.
   It affects your strength (+10).
   It affects your dexterity (-3).
   It greatly protects you from fire.
   It may corrode you when you take damage.
Missiles
 E - 177 sling bullets (quivered)
 G - 473 stones
Armour
 f - a +0 cloak of invisibility (worn)
 i - a +2 buckler (worn)
 s - a +0 pair of boots (worn)
 w - a +1 pair of gloves (worn)
 D - a +3 chain mail of fire resistance (worn)
 U - a +0 chain mail of positive energy
Jewellery
 n - a +4 ring of slaying (left hand)
 o - a +3 amulet of reflection
 q - an amulet of the acrobat (around neck)
 H - the ring of Xom's Esteem {rN+ Str-2 Int+3}
   (You found it on level 11 of the Dungeon)

   [ring of strength]

   It affects your strength (-2).
   It affects your intelligence (+3).
   It protects you from negative energy.
 J - an uncursed ring of flight
 N - a +2 ring of dexterity (right hand)
 S - an uncursed ring of ice
Wands
 c - a wand of acid (17)
 t - a wand of disintegration (5)
 u - a wand of digging (6)
 I - a wand of flame (15)
 L - a wand of iceblast (8)
 O - a wand of polymorph (10)
Scrolls
 g - 4 scrolls of identify
 k - 3 scrolls of fog
 m - 12 scrolls of remove curse
 r - a scroll of blinking
 K - 2 scrolls of fear
 X - a scroll of teleportation
Potions
 d - a potion of might
 h - 4 potions of curing
 j - 5 potions of heal wounds
 p - 4 potions of agility
 v - 3 potions of haste
 x - a potion of experience {unknown}
 z - 3 potions of cancellation
 A - a potion of ambrosia {unknown}
 B - a potion of magic {unknown}
 C - 2 potions of berserk rage
 F - a potion of invisibility {unknown}
 R - 3 potions of flight
 T - 4 potions of brilliance
 V - a potion of degeneration {unknown}
 W - a potion of mutation {unknown}
Miscellaneous
 y - a box of beasts
 Y - a sack of spiders
Comestibles
 e - 16 rations
 l - 5 chunks of flesh


   Skills:
 + Level 10.1 Fighting
 + Level 16.6 Axes
 + Level 6.5 Slings
 + Level 9.9 Armour
 * Level 10.0 Dodging
 + Level 9.0 Shields
 * Level 9.0 Invocations
 + Level 3.2 Evocations


You had 12 spell levels left.
You didn't know any spells.
Your spell library contained the following spells:

 Spells                   Type           Power        Failure   Level  Hunger
 Flame Tongue             Conj/Fire      #....        88%         1    ##.....
 Magic Dart               Conj           #...         88%         1    ##.....
 Sandblast                Erth           #.....       88%         1    ##.....
 Shock                    Conj/Air       #...         88%         1    ##.....
 Blink                    Tloc           N/A          96%         2    ###....
 Call Imp                 Summ           #.......     96%         2    ###....
 Passwall                 Tmut/Erth      #.......     96%         2    ###....
 Searing Ray              Conj           #.....       96%         2    ###....
 Slow                     Hex            #.......     96%         2    ###....
 Throw Flame              Conj/Fire      #.....       96%         2    ###....
 Conjure Flame            Conj/Fire      #.......     99%         3    ####...
 Dazzling Spray           Conj/Hex       #.....       99%         3    ####...
 Inner Flame              Hex/Fire       #.......     99%         3    ####...
 Mephitic Cloud           Conj/Pois/Air  #.......     99%         3    ####...
 Stone Arrow              Conj/Erth      #.....       99%         3    ####...
 Cause Fear               Hex            #.........   100%        4    #####..
 Force Lance              Conj/Tloc      #.......     100%        4    #####..
 Fulminant Prism          Conj/Hex       #.........   100%        4    #####..
 Ice Form                 Ice/Tmut       #.......     100%        4    #####..
 Iskenderun's Mystic Bla  Conj           #.......     100%        4    #####..
 Petrify                  Tmut/Erth      #.......     100%        4    #####..
 Sticky Flame             Conj/Fire      #.......     100%        4    #####..
 Summon Lightning Spire   Summ/Air       #.......     100%        4    #####..
 Fireball                 Conj/Fire      #.........   100%        5    ######.
 Lee's Rapid Deconstruct  Erth           #.........   100%        5    ######.
 Lightning Bolt           Conj/Air       #.........   100%        5    ######.
 Metabolic Englaciation   Hex/Ice        #.........   100%        5    ######.
 Silence                  Hex/Air        #.........   100%        5    ######.
 Yara's Violent Unravell  Hex/Tmut       #.........   100%        5    ######.
 Bolt of Cold             Conj/Ice       #.........   100%        6    #######
 Conjure Ball Lightning   Conj/Air       #.........   100%        6    #######
 Deflect Missiles         Chrm/Air       #.........   100%        6    #######
 Freezing Cloud           Conj/Ice/Air   #.........   100%        6    #######
 Ozocubu's Refrigeration  Ice            #.........   100%        6    #######
 Simulacrum               Ice/Necr       #.........   100%        6    #######
 Discord                  Hex            #.........   100%        8    #######
 Tornado                  Air            #.........   100%        9    #######


Dungeon Overview and Level Annotations

Branches:
Dungeon (11/15)            Temple (1/1) D:4            Lair (5/6) D:8
 Shoals (0/4) Lair:3       Spider (0/4) Lair:4        Slime (0/5) Lair:5
    Orc (0/2) D:9

Altars:
Ashenzari
Cheibriados
Dithmenos
Elyvilon
Fedhas
Gozag
Hepliaklqana
Kikubaaqudgha
Makhleb
Nemelex Xobeh
Okawaru
Qazlal
Ru
Sif Muna
Trog
Uskayaw
Vehumet
Wu Jian
Xom
Yredelemnul
Zin
The Shining One
Beogh
Jiyva

Shops:
D:4 ?

Annotations:
Lair:3 1 runed translucent door, coffeespoons's ghost, journeyman TrMo
Lair:4 2 runed translucent doors, mortelune's ghost, journeyman DsAK
Lair:5 Nessos; Snorg


Innate Abilities, Weirdness & Mutations

You reflexively headbutt those who attack you in melee.
You have a pair of horns on your head.


Message History

You feel sick.
Nessos shoots an arrow.
The arrow hits you.
You are more poisoned.
You feel sick.
Nessos shoots an arrow.
The arrow hits you.
* * * LOW HITPOINT WARNING * * *
You are more poisoned.
You can no longer pass through a line of other dancers.
You see here an arrow.
You feel very sick.
Nessos shoots an arrow.
The arrow misses you.
You see here an arrow.
Unknown command.
You feel sick.
Unknown command.
You feel very sick.
Nessos shoots an arrow.
The arrow completely misses you.
You see here an arrow.
You feel sick.
Nessos shoots an arrow.
The arrow hits you!!
* * * LOW HITPOINT WARNING * * *
The arrow burns you.
You die...

......... #...
........#..... ##§..
...>......>..#####()..
#....#..._.#..#......
#.....#...........###
.###..........c...#.##
#.#P........>......##
..............#...P#
..<....@(.((..#....##
...............#....###
#P.>.....###.##........#
..........###.#........P
.P........####.......P...
..............P....##....
#......)...........## ..
#.#.................# #P.
#........÷......P...##...


You could see Nessos.

Vanquished Creatures
  A frost giant (IceCv)
  2 hydras (D:9)
  The ghost of Yolobob the Archer, a novice CeHu of Okawaru (D:7)
  Erica (D:8)
  3 two-headed ogres (D:8)
  An alligator (shapeshifter) (D:9)
  3 death yaks (IceCv)
  A hell knight (Volcano)
  Nergalle (D:10)
  A salamander mystic (Volcano)
  A skeletal warrior (D:9)
  An unseen horror (D:8)
  4 salamanders (Volcano)
  An ice statue (IceCv)
  6 elephants (Lair:5)
  7 black mambas
  2 molten gargoyles (Volcano)
  5 spiny frogs
  3 komodo dragons
  The ghost of Jaiteiro the Firebug, a novice DrFE (D:4)
  4 rime drakes
  2 trolls (D:9)
  3 blink frogs (Lair:3)
  14 polar bears (IceCv)
  Grinder (D:6)
  A hornet (Lair:4)
  5 slime creatures (D:8)
  6 hippogriffs
  A centaur simulacrum (D:11)
  A basilisk (Lair:2)
  Sigmund (D:4)
  2 fire bats (Volcano)
  3 wraiths (D:11)
  A wyvern (D:9)
  18 yaks
  A hungry ghost (D:10)
  5 porcupines
  5 water moccasins
  Duvessa (D:4)
  6 orc warriors
  4 phantoms
  6 ice beasts
  A black bear (D:8)
  2 sky beasts
  5 ogres
  28 wolves
  2 centaurs
  A crocodile (Lair:1)
  2 big kobolds
  11 bullfrogs
  Dowan (D:4)
  4 scorpions
  14 wights
  3 howler monkeys (D:10)
  A crimson imp (D:5)
  6 lava snakes (Volcano)
  4 quasits (D:7)
  A centaur zombie (D:10)
  14 orc priests
  8 jellies
  3 centaur skeletons
  A hound (D:8)
  A bullfrog skeleton (D:7)
  Ijyb (D:3)
  4 iguanas
  13 worker ants
  19 orc wizards
  3 hound skeletons
  A hound zombie (D:9)
  A howler monkey skeleton (D:4)
  11 gnolls
  8 adders
  2 shadow imps
  12 white imps (Lair:2)
  5 oozes (D:10)
  3 adder zombies
  4 adder skeletons
  6 worms
  7 leopard geckos
  65 orcs
  6 giant cockroaches
  4 goblins
  8 hobgoblins
  22 jackals
  16 kobolds
  3 quokkas (D:5)
  8 bats
  6 frilled lizards
  A giant cockroach zombie (D:6)
  A jackal skeleton (D:8)
  2 quokka skeletons
  7 rats
  2 fungi
  2 plants
503 creatures vanquished.

Vanquished Creatures (others)
  3 fungi (D:8)
3 creatures vanquished.

Grand Total: 506 creatures vanquished

Notes
Turn   | Place    | Note
-------+----------+-------------------------------------------
     0 | D:1      | bmj180 the Minotaur Fighter began the quest for the Orb.
     0 | D:1      | Reached XP level 1. HP: 19/19 MP: 0/0
   231 | D:1      | Reached XP level 2. HP: 27/27 MP: 1/1
   759 | D:2      | Reached skill level 3 in Axes
   759 | D:2      | Reached skill level 1 in Dodging
   759 | D:2      | Reached XP level 3. HP: 33/33 MP: 2/2
   823 | D:2      | Found a deep blue altar of Sif Muna.
  1339 | D:2      | Reached XP level 4. HP: 40/40 MP: 3/3
  1707 | D:3      | Noticed Ijyb
  1713 | D:3      | Killed Ijyb
  1713 | D:3      | Reached skill level 4 in Axes
  1713 | D:3      | Reached XP level 5. HP: 6/46 MP: 4/4
  2002 | D:3      | Reached skill level 1 in Evocations
  2285 | D:3      | Found a blossoming altar of Fedhas.
  2556 | D:4      | Noticed an ogre
  2563 | D:4      | Noticed Sigmund
  2565 | D:4      | Killed an ogre
  2565 | D:4      | Reached skill level 5 in Axes
  2565 | D:4      | Reached XP level 6. HP: 26/52 MP: 4/6
  2754 | D:4      | Killed Sigmund
  2754 | D:4      | Reached skill level 6 in Axes
  2870 | D:4      | Found a staircase to the Ecumenical Temple.
  2880 | Temple   | Entered the Ecumenical Temple
  2887 | Temple   | Became a worshipper of Uskayaw the Reveler
  2909 | D:4      | Reached * piety under Uskayaw
  2912 | D:4      | Reached ** piety under Uskayaw
  2972 | D:4      | Found Ywileth's Magic Scroll Shoppe.
  2976 | D:4      | Bought a scroll of remove curse for 33 gold pieces
  2976 | D:4      | Bought a scroll of identify for 22 gold pieces
  3143 | D:4      | Reached *** piety under Uskayaw
  3144 | D:4      | Reached XP level 7. HP: 54/60 MP: 7/7
  3231 | D:4      | Noticed Dowan
  3231 | D:4      | Noticed Duvessa
  3236 | D:4      | Killed Dowan
  3236 | D:4      | Reached skill level 1 in Invocations
  3242 | D:4      | Killed Duvessa
  3510 | D:4      | Found a stormy altar of Qazlal.
  3527 | D:4      | Found a runed translucent gate.
  3527 | D:4      | Found a runed translucent gate.
  3528 | D:4      | Found a runed translucent gate.
  3528 | D:4      | Noticed Jaiteiro's ghost (novice DrFE)
  3579 | D:5      | Entered Level 5 of the Dungeon
  3653 | D:5      | Reached skill level 7 in Axes
  3739 | D:5      | Got a fine hunting sling
  3753 | D:5      | Reached skill level 5 in Armour
  3811 | D:5      | Identified the +6 hunting sling "Imp's Nightmare" {flame,
                  | *Corrode rF++ Str+10 Dex-3} (You found it on level 5 of the
                  | Dungeon)
  3834 | D:5      | Found a white marble altar of Elyvilon.
  4041 | D:5      | Found a burning altar of Makhleb.
  5044 | D:6      | Noticed Grinder
  5059 | D:6      | Killed Grinder
  5059 | D:6      | Reached XP level 8. HP: 65/67 MP: 8/8
  5077 | D:6      | Reached skill level 8 in Axes
  5080 | D:6      | Reached skill level 1 in Slings
  5082 | D:6      | Reached **** piety under Uskayaw
  5086 | D:6      | Reached skill level 5 in Shields
  5088 | D:6      | Reached ***** piety under Uskayaw
  5616 | D:6      | Found a shimmering altar of Xom.
  5635 | D:6      | Reached skill level 9 in Axes
  5651 | D:6      | Reached skill level 5 in Fighting
  6630 | D:7      | Reached XP level 9. HP: 74/74 MP: 10/10
  6795 | D:7      | Found a transporter.
  6801 | D:7      | Noticed Yolobob's ghost (novice CeHu)
  6808 | D:7      | Found a transporter.
  7157 | D:7      | Reached skill level 10 in Axes
  7714 | D:8      | Noticed a two-headed ogre
  7718 | D:8      | Killed a two-headed ogre
  7718 | D:8      | Reached skill level 5 in Dodging
  7728 | D:8      | Noticed Erica
  7733 | D:8      | Reached skill level 11 in Axes
  7733 | D:8      | Reached XP level 10. HP: 83/83 MP: 12/12
  7735 | D:8      | Killed Erica
  8114 | D:8      | Reached skill level 5 in Slings
  8118 | D:8      | Reached skill level 12 in Axes
  8122 | D:8      | Reached ****** piety under Uskayaw
  8228 | D:8      | Noticed a two-headed ogre
  8236 | D:8      | Killed a two-headed ogre
  8236 | D:8      | Reached skill level 5 in Invocations
  8517 | D:8      | Found a staircase to the Lair.
  8753 | D:4      | Killed Jaiteiro's ghost
  9089 | D:7      | Killed Yolobob's ghost
  9089 | D:7      | Reached skill level 13 in Axes
  9089 | D:7      | Reached XP level 11. HP: 88/91 MP: 13/13
  9187 | D:9      | Found a staircase to the Orcish Mines.
  9209 | D:9      | Found a roughly hewn altar of Beogh.
  9463 | D:9      | Found a radiant altar of Vehumet.
  9584 | D:9      | Noticed a two-headed ogre
  9585 | D:9      | Noticed an eight-headed hydra
  9588 | D:9      | Noticed an eight-headed hydra
  9630 | D:8      | Killed a two-headed ogre
  9785 | D:9      | Noticed a skeletal warrior
  9812 | D:9      | Killed a skeletal warrior
 10104 | D:8      | Killed an unseen horror
 10469 | D:9      | Found an ornate altar of the Wu Jian Council.
 10546 | D:9      | Found a sacrificial altar of Ru.
 10726 | D:9      | Identified the cursed +1 falchion of Makhleb's Castigation
                  | {protect, rElec rC+ Dex+5} (You found it on level 9 of the
                  | Dungeon)
 10963 | D:9      | Reached skill level 14 in Axes
 11068 | D:9      | Killed a six-headed hydra
 11094 | D:9      | Noticed an alligator
 11107 | D:9      | Killed an alligator
 11197 | D:9      | Killed a five-headed hydra
 11296 | D:10     | Entered Level 10 of the Dungeon
 11392 | D:10     | Found a snail-covered altar of Cheibriados.
 11512 | D:10     | Noticed Nergalle
 11533 | D:10     | Killed Nergalle
 11533 | D:10     | Reached XP level 12. HP: 95/100 MP: 15/15
 12124 | D:11     | Got a jewelled hand crossbow
 12125 | D:11     | Identified the +4 hand crossbow of Riogg {velocity, *Drain
                  | rC+++ Int-3 Stlth+} (You found it on level 11 of the
                  | Dungeon)
 12163 | D:11     | Got a pitted lapis lazuli ring
 12165 | D:11     | Identified the cursed ring of Xom's Esteem {rN+ Str-2
                  | Int+3} (You found it on level 11 of the Dungeon)
 12752 | D:11     | Got a bloodstained leather armour
 12934 | D:11     | Identified the +1 leather armour of the Sea {rF- rC+++ MR-
                  | SInv} (You found it on level 11 of the Dungeon)
 13053 | Lair:1   | Entered Level 1 of the Lair of Beasts
 13098 | Lair:1   | Found a dark tunnel.
 13103 | Volcano  | Entered a volcano
 13361 | Volcano  | Found a bloodstained altar of Trog.
 14288 | Lair:1   | Reached skill level 15 in Axes
 14866 | Lair:2   | Found a frozen archway.
 14945 | IceCv    | Entered an ice cave
 15681 | IceCv    | Noticed a death yak
 15702 | IceCv    | Killed a death yak
 15702 | IceCv    | Reached XP level 13. HP: 82/111 MP: 17/17
 16125 | IceCv    | Noticed a frost giant
 16160 | IceCv    | Killed a frost giant
 16160 | IceCv    | Reached skill level 16 in Axes
 17580 | Lair:3   | Found a staircase to the Shoals.
 17688 | Lair:3   | Found a runed translucent door.
 17689 | Lair:3   | Noticed coffeespoons's ghost (journeyman TrMo)
 18003 | Lair:4   | Found a hole to the Spider Nest.
 18523 | Lair:4   | Found a large runed translucent door.
 18524 | Lair:4   | Found a large runed translucent door.
 18525 | Lair:4   | Noticed mortelune's ghost (journeyman DsAK)
 18551 | Lair:4   | Got an iridescent whip
 18565 | Lair:4   | Identified Sif Muna's Papyrus of Floating Ignition
 19142 | D:11     | Identified the cursed +1 whip "Vioryni" {slash, *Noise rC+
                  | Dex+2} (You found it on level 4 of the Lair of Beasts)
 19355 | Lair:5   | Reached skill level 10 in Fighting
 19443 | Lair:5   | Reached skill level 10 in Dodging
 19606 | Lair:5   | Found a viscous altar of Jiyva.
 19607 | Lair:5   | Found a staircase to the Slime Pits.
 19619 | Lair:5   | Noticed Nessos
 19625 | Lair:5   | Noticed Snorg
 19635 | Lair:5   | HP: 1/113 [Nessos/arrow (20)]
 19635 | Lair:5   | Shot with an arrow by Nessos

Skill      XL: |  1  2  3  4  5  6  7  8  9 10 11 12 13 |
---------------+----------------------------------------+-----
Fighting       | 4 5 6 7 9 10 | 10.1
Axes           | 3 4 5 6 7 9 11 13 14 15 16 | 16.6
Armour         | 4 5 6 8 9 |  9.9
Dodging        | 1 2 3 4 5 6 7 9 10 | 10.0
Shields        | 4 5 6 7 8 9 |  9.0
Evocations     | 1 2 3 |  3.2
Invocations    | 1 3 4 5 6 7 9 |  9.0
Slings         | 2 4 5 6 |  6.5

Action                   |  1- 3 |  4- 6 |  7- 9 | 10-12 | 13-15 || total
-------------------------+-------+-------+-------+-------+-------++-------
Melee: War axe           |    63 |   101 |   206 |   301 |       ||   671
       Headbutt          |    11 |    11 |    48 |   146 |    53 ||   269
       Hand axe          |       |       |       |    83 |       ||    83
       Broad axe         |       |       |       |   140 |   190 ||   330
 Fire: Hunting sling     |       |       |    21 |    14 |     1 ||    36
Evoke: Wand              |       |     3 |     6 |     6 |     2 ||    17
  Use: Scroll            |       |     1 |     2 |    24 |     8 ||    35
       Potion            |       |       |       |     6 |     3 ||     9
 Stab: Paralysed         |       |     1 |    12 |    61 |    21 ||    95
  Eat: Chunk             |     1 |     6 |     4 |     6 |     3 ||    20
       Ration            |       |       |     3 |     6 |     3 ||    12
Armor: Scale mail        |    24 |    33 |    77 |   105 |       ||   239
       Chain mail        |       |       |       |    41 |    65 ||   106
Dodge: Dodged            |    21 |    42 |    60 |   252 |    95 ||   470
Block: Shield            |    33 |    53 |    77 |   182 |       ||   345
       Buckler           |       |       |       |    27 |    75 ||   102
